 Dungeon Crawl Stone Soup version 0.23-a0-446-g036aa52 (webtiles) character file.

260 Dfrag the Firebug (level 6, -13/49 HPs)
             Began as a Naga Fire Elementalist on Nov 18, 2018.
             Mangled by an ogre
             ... wielding a cursed +0 giant spiked club
              (26 damage)
             ... on level 3 of the Dungeon.
             The game lasted 00:04:30 (2172 turns).

Dfrag the Firebug (Naga Fire Elementalist)          Turns: 2172, Time: 00:04:31

Health: -13/49     AC:  3    Str: 11    XL:     6   Next: 17%
Magic:  1/11       EV: 14    Int: 17    God:
Gold:   100        SH:  0    Dex: 11    Spells: 4/12 levels left

rFire    . . .     SeeInvis +   p - +1 flail (drain)
rCold    . . .     Gourm    .   (no shield)
rNeg     . . .     Faith    .   a - +0 robe
rPois    +         Spirit   .   (no helmet)
rElec    .         Reflect  .   (no cloak)
rCorr    .         Harm     .   (no gloves)
MR       .....                  (no barding)
Stlth    ++........             (no amulet)
HPRegen  0.16/turn              k - +4 ring of evasion
MPRegen  0.12/turn              (no ring)

@: very slightly contaminated, very slow
A: large, see invisible, deformed body, poison resistance, slowness 2, slow
metabolism 1, spit poison 1, AC +2
a: Spit Poison


You were on level 3 of the Dungeon.
You were not hungry.

You visited 1 branch of the dungeon, and saw 4 of its levels.

You collected 100 gold pieces.

Inventory:

Hand Weapons
 p - a +1 flail of draining (weapon)
Armour
 a - a +0 robe (worn)
Jewellery
 k - a +4 ring of evasion (left hand)
Wands
 n - a wand of flame (14)
Scrolls
 d - 3 scrolls of fog {unknown}
 e - 3 scrolls of identify {unknown}
 i - 2 scrolls of amnesia {unknown}
 l - 2 scrolls of remove curse {unknown}
 o - a scroll of blinking {unknown}
Potions
 b - a potion of lignification {unknown}
 f - a potion of might {unknown}
 g - a potion of ambrosia {unknown}
 h - 2 potions of curing
 m - a potion of mutation {unknown}
Comestibles
 c - 4 rations


   Skills:
 - Level 1.5 Dodging
 - Level 3.0 Stealth
 + Level 3.7 Spellcasting
 + Level 3.4 Conjurations
 + Level 4.5 Fire Magic


You had 4 spell levels left.
You knew the following spells:

 Your Spells              Type           Power        Failure   Level  Hunger
a - Flame Tongue          Conj/Fire      ###..        3%          1    None
b - Conjure Flame         Conj/Fire      ###.....     10%         3    ###....
c - Sticky Flame          Conj/Fire      ###.....     32%         4    ####...

Your spell library contained the following spells:

 Spells                   Type           Power        Failure   Level  Hunger
 Throw Flame              Conj/Fire      ###...       4%          2    ##.....
 Inner Flame              Hex/Fire       ##......     19%         3    ###....
 Fireball                 Conj/Fire      ###.......   65%         5    ######.


Dungeon Overview and Level Annotations

Branches:
Dungeon (4/15)
 Temple: D:4-7

Altars:
Nemelex Xobeh


Innate Abilities, Weirdness & Mutations

You cannot wear boots.
Your serpentine skin is tough. (AC +2)
You have supernaturally acute eyesight. (SInv)
Armour fits poorly on your strangely shaped body.
Your system is resistant to poisons. (rPois)
You cover ground very slowly.
You have a slow metabolism.
You can spit poison.


Message History

Unknown command.
Casting: Sticky Flame (quite dangerous; 32% risk of failure)
Confirm with . or Enter, or press ? or * to list all spells.
Aiming: Sticky Flame (quite dangerous; 32% risk of failure)
Press: ? - help, Shift-Dir - straight line, f/p - ogre
Aim: an ogre, wielding a +0 giant spiked club The sticky flame hits the ogre.
The ogre is lightly wounded.
The ogre is covered in liquid flames!
The ogre burns!
The orc closely misses you. The ogre completely misses you.
Unknown command.
The ogre burns!
The orc hits you but does no damage.
You climb upwards.
There is a stone staircase leading down here.
The ogre burns! x2
The orc hits you with a cursed -3 dagger.
* * * LOW HITPOINT WARNING * * *
The ogre hits you with a cursed +0 giant spiked club!!
Ouch! That really hurt!
You die...

..#.###..##.####.####.#รท#.#
....# ##.#..# #.# #.....#
.#.#####.#.## #.# ###)###
##.###.....# #.# ##.#
##.##..#..## #.# #..#
#.#..###)## #.# ##.##
##...####..## #.# ##..#
........##..## #.# #..##
........###..###@# #.##
.#.#....# ##.##oO# #.#
.>.###### #....####.# .###
##....##..# .#
######..##.##.##### .#
#.................# .#
#.................# .#
#.................# .#
#.................#


You could see an ogre (burning) and an orc.

Vanquished Creatures
  An orc priest (D:3)
  Jessica (D:2)
  3 orc wizards (D:3)
  3 adders
  4 worms
  2 dart slugs (D:1)
  5 leopard geckos
  10 orcs
  10 bats
  A giant cockroach (D:1)
  7 hobgoblins (D:1)
  A quokka (D:3)
  2 ball pythons
  9 frilled lizards
  5 goblins
  7 kobolds
  7 rats
78 creatures vanquished.

Notes
Turn   | Place    | Note
-------+----------+-------------------------------------------
     0 | D:1      | Dfrag the Naga Fire Elementalist began the quest for the
                  | Orb.
     0 | D:1      | Reached XP level 1. HP: 15/15 MP: 3/3
    44 | D:1      | Reached XP level 2. HP: 11/22 MP: 3/5
   235 | D:1      | Reached XP level 3. HP: 11/28 MP: 1/6
   835 | D:2      | Reached XP level 4. HP: 28/36 MP: 1/8
   844 | D:2      | Learned a level 3 spell: Conjure Flame
   849 | D:2      | Learned a level 4 spell: Sticky Flame
  1098 | D:2      | Found a sparkling altar of Nemelex Xobeh.
  1098 | D:2      | Noticed Jessica
  1102 | D:2      | Killed Jessica
  1442 | D:3      | Reached XP level 5. HP: 29/42 MP: 2/9
  1536 | D:3      | Reached skill level 4 in Fire Magic
  1891 | D:3      | Reached XP level 6. HP: 49/49 MP: 9/11
  2172 | D:3      | Mangled by an ogre

Vault maps used:
D:1:      wander_arrival_estate, serial_bayou_pond_b, minmay_misc_feat_columns,
          serial_park_tiny_pond
D:2:      nemelex_lonely_heart_becter

Skill      XL: |  1  2  3  4  5 |
---------------+----------------+-----
Conjurations   | 2 3 |  3.4
Spellcasting   | 3 |  3.7
Fire Magic     | 4 |  4.5
Dodging        | |  1.5
Stealth        | |  3.0

Action                   |  1- 3 |  4- 6 || total
-------------------------+-------+-------++-------
Melee: Unarmed           |    10 |    17 ||    27
       Flail             |       |     5 ||     5
 Cast: Flame Tongue      |    39 |    57 ||    96
       Sticky Flame      |       |     4 ||     4
 Abil: Spit Poison       |    28 |    19 ||    47
  Use: Potion            |     1 |       ||     1
 Stab: Sleeping          |       |     1 ||     1
  Eat: Chunk             |     1 |     6 ||     7
Armor: Robe              |    26 |     9 ||    35
Dodge: Dodged            |    50 |    38 ||    88

Table legend:
 A = Non-vault XP
 B = Vault XP
 C = Vault XP percentage of total XP
 D = Non-vault monster count
 E = Vault monster count
 F = Vault count percentage of total count
                 A         B        C        D         E       F
            +---------+---------+-------+---------+---------+-------
      Total |     330 |      42 |  11.3 |      74 |       4 |   5.1
            +---------+---------+-------+---------+---------+-------
        D:1 |      54 |       5 |   8.5 |      31 |       3 |   8.8
        D:2 |      38 |      37 |  49.3 |      13 |       1 |   7.1
        D:3 |     225 |       0 |   0.0 |      29 |       0 |   0.0
        D:4 |      13 |       0 |   0.0 |       1 |       0 |   0.0
            +---------+---------+-------+---------+---------+-------
